 Dungeon Crawl Stone Soup version 0.22-a0-253-gf9d0ce5 (webtiles) character file.

133023 b5mith the Fencer (level 16, -1/151 HPs)
             Began as a Minotaur Berserker on Mar 2, 2018.
             Was a High Priest of Trog.
             Slain by a harpy (3 damage)
             ... on level 4 of the Shoals.
             The game lasted 01:49:44 (31819 turns).

b5mith the Fencer (Minotaur Berserker)             Turns: 31819, Time: 01:49:45

Health: -1/151     AC: 23    Str: 33    XL:     16   Next: 58%
Magic:  15/15      EV: 18    Int:  4    God:    Trog [*****.]
Gold:   2261       SH:  0    Dex: 11    Spells: 15/15 levels left

rFire    . . .     SeeInvis .   S - +6 great sword (flame)
rCold    . . .     Gourm    .   (shield currently unavailable)
rNeg     . . .     Faith    .   E - +6 scale mail {MR+}
rPois    .         Spirit   .   (helmet restricted)
rElec    .         Reflect  .   K - +2 cloak {MR+}
rCorr    .         Harm     .   (no gloves)
MR       +++..                  (no boots)
Stlth    ..........             I - amulet of the acrobat
HPRegen  0.35/turn              a - +5 ring of strength
MPRegen  0.14/turn              W - +3 ring of protection

@: marked, berserk cooldown, slowed, very slow
A: retaliatory headbutt, horns 2
a: Berserk, Trog's Hand, Brothers in Arms, Renounce Religion


You were on level 4 of the Shoals.
You worshipped Trog.
Trog was extremely pleased with you.
You were not hungry.

You visited 5 branches of the dungeon, and saw 28 of its levels.
You also visited: Sewer.

You collected 2621 gold pieces.
You spent 360 gold pieces at shops.

Inventory:

Hand Weapons
 O - a +5 demon blade of electrocution
 S - a +6 great sword of flaming (weapon)
Missiles
 r - 38 tomahawks (quivered)
Armour
 E - a +6 scale mail of magic resistance (worn)
 K - a +2 cloak of magic resistance (worn)
Jewellery
 a - a +5 ring of strength (left hand)
 n - an uncursed amulet of guardian spirit
 p - an uncursed ring of protection from magic {unknown}
 A - an uncursed ring of poison resistance {unknown}
 I - an amulet of the acrobat (around neck)
 V - a +4 ring of dexterity
 W - a +3 ring of protection (right hand)
 Z - an uncursed ring of see invisible
Wands
 k - a wand of digging (30)
 v - a wand of clouds (4)
 w - a wand of paralysis (39)
 B - a wand of enslavement (14)
 C - a wand of acid (18)
 J - a wand of disintegration (40)
 L - a wand of polymorph (20)
 M - a wand of iceblast (8)
 Q - a wand of flame (106)
 U - a wand of scattershot (11)
Scrolls
 e - a scroll of vulnerability {unknown}
 g - 10 scrolls of teleportation
 h - 3 scrolls of enchant weapon
 j - 2 scrolls of fear
 o - 9 scrolls of remove curse {@r2}
 q - a scroll of summoning {unknown}
 s - a scroll of acquirement {unknown}
 t - a scroll of blinking
 y - 4 scrolls of fog
 D - 2 scrolls of identify {@r1}
 F - 4 scrolls of enchant armour
 H - 2 scrolls of magic mapping {unknown}
Potions
 b - 3 potions of agility
 f - 6 potions of brilliance
 i - 13 potions of curing {@q1}
 l - 4 potions of resistance
 m - a potion of heal wounds
 u - 4 potions of magic
 x - a potion of cancellation {unknown}
 z - a potion of invisibility
 G - 3 potions of lignification
 N - 2 potions of haste
 T - 3 potions of flight
Miscellaneous
 d - a box of beasts
Comestibles
 c - 25 rations


   Skills:
 + Level 16.1 Fighting
 + Level 20.9 Long Blades
 + Level 15.9 Armour
 + Level 14.8 Dodging


You had 15 spell levels left.
You didn't know any spells.

Dungeon Overview and Level Annotations

Branches:
Dungeon (15/15)            Temple (1/1) D:7            Lair (6/6) D:10
 Shoals (4/4) Lair:2       Spider (0/4) Lair:2        Slime (0/5) Lair:5
    Orc (2/2) D:11            Elf (0/3) Orc:2        Vaults (0/5) D:13
 Depths (0/5) D:15

Altars:
Ashenzari
Cheibriados
Dithmenos
Elyvilon
Fedhas
Gozag
Hepliaklqana
Kikubaaqudgha
Makhleb
Nemelex Xobeh
Okawaru
Qazlal
Ru
Sif Muna
Trog
Uskayaw
Vehumet
Wu Jian
Xom
Yredelemnul
Zin
The Shining One
Beogh
Jiyva

Shops:
D:4 (   D:7 (   Orc:2 }(}!}


Innate Abilities, Weirdness & Mutations

You reflexively headbutt those who attack you in melee.
You have a pair of horns on your head.


Message History

The harpy is severely wounded.
You gasp with relief as air once again reaches your lungs.
The harpy claws you!
* * * LOW HITPOINT WARNING * * *
The harpy closely misses you. The harpy misses you.
The harpy claws you but does no damage. The harpy misses you.
The harpy claws you!
* * * LOW HITPOINT WARNING * * *
The harpy claws you but does no damage. The harpy completely misses you.
The harpy closely misses you. The harpy claws you but does no damage.
The harpy misses you. The harpy claws you!
* * * LOW HITPOINT WARNING * * *
The harpy claws you.
* * * LOW HITPOINT WARNING * * *
The harpy barely misses you.
The merfolk hits you but does no damage.
The harpy claws you.
* * * LOW HITPOINT WARNING * * *
The harpy claws you.
You die...

≈≈..... ..≈≈≈≈
≈≈≈≈≈≈... ..P≈≈≈
≈≈≈.....# ####..≈P≈≈
≈≈≈.....###...≈≈≈≈≈≈
≈≈≈............≈≈≈≈≈
≈≈..≈..≈.(.....≈≈≈≈≈
≈≈≈....H(......≈≈≈≈≈
≈≈≈≈.tH.HH(((≈.≈≈≈≈≈
≈≈≈≈≈≈≈((#@Hm≈...≈≈≈
≈≈≈≈≈≈((##HH.≈..≈..≈
.≈≈≈.≈≈≈.HE)...≈≈≈≈≈
.≈≈.≈≈≈≈(H.≈...≈≈≈≈≈
≈≈≈≈≈≈≈H...≈≈...≈≈≈≈
≈≈≈≈≈≈.....≈≈..≈≈≈≈≈
≈≈≈≈≈.......≈(≈≈..≈≈
≈≈.≈≈.......≈≈≈.≈≈
≈≈≈≈≈....≈≈≈≈≈≈≈≈≈


You could see a snapping turtle, a merfolk, a water elemental and 10 harpies.

Vanquished Creatures
  Rupert (Orc:2)
  A titan (Shoals:2)
  A fire giant (D:15)
  A stone giant (Shoals:2)
  3 merfolk javelineers
  Josephine (Orc:1)
  3 merfolk impalers
  2 fire dragons
  8 hydras
  2 ogre magi (Orc:2)
  Harold (Orc:1)
  A vault guard (D:13)
  Erolcha (Orc:1)
  3 centaur warriors (D:15)
  4 catoblepae
  A merfolk aquamancer (Shoals:2)
  A satyr (Shoals:2)
  8 two-headed ogres
  2 merfolk avatars
  2 tengu warriors
  The ghost of ultrashaft the Destroyer, a journeyman DEFE of Vehumet (Lair:1)
  3 alligators (Lair:5)
  Nergalle (Lair:4)
  10 sea snakes
  The ghost of enarc13 the Stinger, a novice BaVM of Fedhas (D:7)
  A deep troll (D:13)
  3 unseen horrors
  2 swamp dragons
  2 lindwurms (Lair:6)
  9 harpies
  An orc knight (Orc:1)
  A deep elf mage (D:13)
  3 oklob plants (Lair:4)
  7 cyclopes
  8 orc sorcerers (Orc:2)
  17 manticores
  4 fauns
  14 ugly things
  6 black mambas
  4 merfolk sirens
  Maurice (D:10)
  4 elephants (Lair:6)
  A black mamba (shapeshifter) (D:15)
  4 water nymphs
  2 gargoyles
  8 spiny frogs
  6 yaktaurs
  4 rime drakes (Lair:6)
  2 kobold demonologists (D:11)
  10 komodo dragons
  A tengu conjurer (D:14)
  A polar bear (Lair:3)
  3 trolls
  3 jumping spiders (Lair:2)
  21 merfolk
  A hornet (D:13)
  4 wind drakes
  14 blink frogs
  9 snapping turtles
  6 slime creatures
  13 hippogriffs
  15 dream sheep
  Sigmund (D:3)
  A spriggan (D:7)
  A shadow (D:12)
  A vampire (D:10)
  5 redbacks (Lair:2)
  3 wraiths (Orc:1)
  5 water elementals
  35 yaks
  3 wyverns
  Eustachio (D:6)
  3 hungry ghosts
  8 vampire mosquitoes
  7 basilisks
  4 swamp worms (Lair:5)
  3 acid dragons (Lair:6)
  10 water moccasins
  15 orc warriors
  10 porcupines
  4 phantoms
  3 swamp drakes
  3 sky beasts
  A black bear (shapeshifter) (D:13)
  14 ogres
  7 black bears
  An eye of draining (shapeshifter) (D:13)
  5 ice beasts
  2 eyes of draining
  A necrophage (D:12)
  6 wolves
  11 centaurs
  16 crocodiles
  10 big kobolds
  10 bullfrogs
  3 wyvern zombies
  4 scorpions
  16 killer bees
  9 wights (D:7)
  3 howler monkeys
  10 electric eels
  3 crimson imps
  A bullfrog zombie (D:13)
  12 hounds
  3 jellies
  5 orc priests
  35 orc wizards
  Crazy Yiuf (D:3)
  4 centaur zombies
  5 bullfrog skeletons
  2 centaur skeletons
  5 iguanas
  4 hell rats (Lair:5)
  Terence (D:2)
  12 worker ants
  2 killer bee zombies
  3 hound zombies
  A hound skeleton (D:7)
  A worker ant zombie (D:6)
  Robin (D:2)
  10 adders
  2 howler monkey skeletons
  12 river rats
  5 shadow imps
  9 oozes
  2 adder zombies (D:6)
  2 adder skeletons
  4 dart slugs
  6 worms
  4 leopard geckos
  84 orcs
  10 giant cockroaches
  27 goblins
  10 hobgoblins
  9 jackals
  24 kobolds
  9 quokkas
  6 ball pythons
  12 bats
  8 frilled lizards
  A jackal skeleton (D:4)
  A leopard gecko skeleton (D:7)
  A quokka skeleton (D:5)
  17 rats
  9 plants
918 creatures vanquished.

Vanquished Creatures (others)
  A shadow imp (D:10)
  A fungus (Lair:6)
  3 plants
  7 tentacles (Shoals:2)
  4 toadstools (D:1)
16 creatures vanquished.

Grand Total: 934 creatures vanquished

Notes
Turn   | Place    | Note
-------+----------+-------------------------------------------
     0 | D:1      | b5mith the Minotaur Berserker began the quest for the Orb.
     0 | D:1      | Reached XP level 1. HP: 19/19 MP: 0/0
    82 | D:1      | Reached XP level 2. HP: 20/27 MP: 1/1
   583 | D:1      | Reached skill level 4 in Long Blades
   845 | D:2      | Reached XP level 3. HP: 33/33 MP: 2/2
   859 | D:2      | Noticed Robin
   865 | D:2      | Reached ** piety under Trog
   872 | D:2      | Killed Robin
   887 | D:2      | Reached XP level 4. HP: 33/41 MP: 3/3
  1372 | D:2      | Noticed Terence
  1399 | D:2      | Killed Terence
  1399 | D:2      | Reached XP level 5. HP: 41/47 MP: 4/4
  1531 | D:3      | Reached *** piety under Trog
  1839 | D:3      | Reached skill level 5 in Fighting
  1839 | D:3      | Reached skill level 5 in Long Blades
  2014 | D:3      | Found a runed door.
  2055 | D:3      | Noticed Sigmund
  2064 | D:3      | Killed Sigmund
  2064 | D:3      | Reached XP level 6. HP: 47/56 MP: 5/5
  2164 | D:3      | Noticed Crazy Yiuf
  2172 | D:3      | Killed Crazy Yiuf
  2402 | D:4      | Found Nusoham's Weapon Emporium.
  2436 | D:4      | Found a glowing drain.
  2525 | Sewer    | Entered a sewer
  2580 | Sewer    | Reached skill level 5 in Armour
  2623 | Sewer    | Reached XP level 7. HP: 54/62 MP: 6/6
  2755 | Sewer    | Reached skill level 6 in Long Blades
  2823 | Sewer    | Reached **** piety under Trog
  2823 | Sewer    | Reached skill level 5 in Dodging
  3287 | D:4      | Reached XP level 8. HP: 53/71 MP: 7/7
  3657 | D:5      | Entered Level 5 of the Dungeon
  3936 | D:5      | Reached skill level 7 in Long Blades
  4133 | D:5      | Reached ***** piety under Trog
  4873 | D:6      | Reached skill level 8 in Long Blades
  4873 | D:6      | Reached XP level 9. HP: 64/81 MP: 8/8
  5021 | D:6      | Noticed Eustachio
  5036 | D:6      | Killed Eustachio
  5415 | D:7      | Noticed enarc13's ghost (novice BaVM)
  5423 | D:7      | Killed enarc13's ghost
  5423 | D:7      | Reached skill level 9 in Long Blades
  5577 | D:7      | Found Koeh's Weapon Emporium.
  5623 | D:7      | Found a staircase to the Ecumenical Temple.
  5887 | D:7      | Reached XP level 10. HP: 83/91 MP: 9/9
  6107 | D:8      | Found a stormy altar of Qazlal.
  6411 | D:8      | Found a basalt altar of Yredelemnul.
  6431 | D:8      | Found an iron altar of Okawaru.
  6767 | D:9      | Received a gift from Trog
  6849 | D:9      | Reached skill level 10 in Long Blades
  7237 | D:10     | Entered Level 10 of the Dungeon
  7283 | D:10     | Reached skill level 10 in Fighting
  7547 | D:10     | Noticed a two-headed ogre
  7549 | D:10     | Noticed a two-headed ogre
  7562 | D:10     | Reached skill level 10 in Armour
  7566 | D:10     | Killed a two-headed ogre
  7569 | D:10     | Killed a two-headed ogre
  7573 | D:10     | Reached XP level 11. HP: 72/101 MP: 10/10
  7890 | D:10     | Noticed Maurice
  7911 | D:10     | Killed Maurice
  8486 | D:10     | Reached skill level 11 in Long Blades
  8487 | D:10     | Found a staircase to the Lair.
  9006 | D:10     | Killed an unseen horror
  9006 | D:10     | Reached skill level 10 in Dodging
  9291 | D:11     | Noticed a two-headed ogre
  9298 | D:11     | Killed a two-headed ogre
  9669 | D:11     | Received a gift from Trog
  9704 | D:11     | Found a staircase to the Orcish Mines.
  9765 | D:11     | Killed an unseen horror
 10592 | D:11     | Reached skill level 12 in Long Blades
 10740 | Lair:1   | Entered Level 1 of the Lair of Beasts
 10790 | Lair:1   | Noticed ultrashaft's ghost (journeyman DEFE)
 10799 | Lair:1   | Killed ultrashaft's ghost
 10853 | Lair:1   | Reached XP level 12. HP: 107/112 MP: 11/11
 11500 | Lair:2   | Found a hole to the Spider Nest.
 11581 | Lair:2   | Found a staircase to the Shoals.
 13477 | Lair:3   | Noticed an eight-headed hydra
 13487 | Lair:3   | Killed a 13-headed hydra
 13487 | Lair:3   | Reached skill level 13 in Long Blades
 14017 | Lair:4   | Noticed Nergalle
 14030 | Lair:4   | Killed Nergalle
 14698 | Lair:4   | Reached XP level 13. HP: 121/122 MP: 12/12
 15124 | Lair:5   | Found a staircase to the Slime Pits.
 15124 | Lair:5   | Found a viscous altar of Jiyva.
 15628 | Lair:5   | Reached skill level 14 in Long Blades
 15633 | Lair:5   | Received a gift from Trog
 16257 | Lair:6   | Entered Level 6 of the Lair of Beasts
 16725 | Lair:6   | Reached skill level 15 in Long Blades
 16965 | Lair:6   | Reached XP level 14. HP: 110/133 MP: 13/13
 17077 | Lair:6   | Received a gift from Trog
 18903 | D:12     | Found a blossoming altar of Fedhas.
 19106 | D:12     | Received a gift from Trog
 19628 | D:13     | Reached skill level 16 in Long Blades
 19705 | D:13     | Paralysed by a hornet for 2 turns
 20399 | D:13     | Reached skill level 17 in Long Blades
 20578 | D:13     | Found a gate to the Vaults.
 21040 | D:14     | Reached ****** piety under Trog
 21118 | D:15     | Entered Level 15 of the Dungeon
 21429 | D:15     | Received a gift from Trog
 21560 | D:15     | Got a flickering crystal amulet
 21561 | D:15     | Identified the amulet "Selicat" {Harm *Drain rF+ Int+2 Slay-3} (You found it on level 15 of the Dungeon)
 21586 | D:14     | Reached skill level 18 in Long Blades
 21786 | D:14     | Got a jewelled plate armour
 21792 | D:14     | Identified the cursed +0 plate armour of Touvef {rF+ Str+2 Int-2} (You found it on level 14 of the Dungeon)
 22496 | D:14     | Reached XP level 15. HP: 92/139 MP: 4/14
 23000 | D:15     | Reached skill level 19 in Long Blades
 23641 | D:15     | Noticed a fire giant
 23690 | D:15     | Found a staircase to the Depths.
 24057 | D:15     | Killed a fire giant
 24340 | Orc:1    | Entered Level 1 of the Orcish Mines
 24346 | Orc:1    | Noticed Erolcha
 24350 | Orc:1    | Noticed Harold
 24356 | Orc:1    | Received a gift from Trog
 24360 | Orc:1    | Noticed Josephine
 24364 | Orc:1    | Killed Erolcha
 24369 | Orc:1    | Killed Josephine
 24386 | Orc:1    | HP: 6/139 [Harold/bolt of fire (24)]
 24391 | Orc:1    | Killed Harold
 24881 | Orc:1    | Found a bloodstained altar of Trog.
 25053 | Orc:2    | Entered Level 2 of the Orcish Mines
 25053 | Orc:2    | Noticed Rupert
 25063 | Orc:2    | Killed Rupert
 25063 | Orc:2    | Reached skill level 20 in Long Blades
 25289 | Orc:2    | Found a roughly hewn altar of Beogh.
 25297 | Orc:2    | Found a staircase to the Elven Halls.
 25459 | Orc:2    | Found Ofoqemuer's Gadget Shop.
 25498 | Orc:2    | Found Fyfirutz's Antique Weapon Boutique.
 25547 | Orc:2    | Bought a wand of disintegration (20) for 360 gold pieces
 25560 | Orc:2    | Found a radiant altar of Vehumet.
 25588 | Orc:2    | Found Cyptu's Gadget Emporium.
 25950 | Orc:2    | Found a roughly hewn altar of Beogh.
 25951 | Orc:2    | Found Xyqext's Gadget Shop.
 25955 | Orc:2    | Found an ancient bone altar of Kikubaaqudgha.
 26004 | Orc:2    | Found Iduxari's Distillery.
 26448 | Temple   | Entered the Ecumenical Temple
 26717 | Shoals:1 | Entered Level 1 of the Shoals
 26790 | Shoals:1 | Received a gift from Trog
 26877 | Shoals:1 | Reached skill level 15 in Fighting
 27785 | Shoals:1 | Reached skill level 15 in Armour
 28272 | Shoals:2 | HP: 7/141 [merfolk/spear (4)]
 28802 | Shoals:1 | Reached XP level 16. HP: 80/149 MP: 15/15
 29719 | Shoals:2 | Found a runed door.
 30075 | Shoals:2 | Received a gift from Trog
 30335 | Shoals:2 | Noticed a titan
 30359 | Shoals:2 | Killed a titan
 30420 | Shoals:2 | Noticed a kraken
 31777 | Shoals:4 | Entered Level 4 of the Shoals
 31819 | Shoals:4 | HP: 6/151 [harpy (6)]
 31819 | Shoals:4 | HP: 2/151 [harpy (4)]
 31819 | Shoals:4 | Slain by a harpy

Vault maps used:
D:1:      ldierk_walled_garden_2
D:2:      serial_aquarium, aquarium_bridge_island_small,
          aquarium_bridge_long_joined, aquarium_window_1,
          aquarium_window_corner, aquarium_window_fake, aquarium_view_2d,
          aquarium_view_2e, aquarium_pool_2, first_ration, uniq_terence,
          uniq_robin
D:3:      uniq_sigmund, uniq_crazy_yiuf_cottage
D:4:      serial_shops, nicolae_shop_trees, portal_sewer_entry_c
D:6:      uniq_eustachio
D:7:      minmay_temple_entry_butterflies, serial_shops,
          nicolae_shop_waterfront, the_bakery
D:8:      okawaru_trees_1, basic_altar, grunt_qazlal_clouds
D:10:     erik_lair_island, mrwooster_statue_mirror, uniq_maurice
D:11:     hiddenorc1_lemuel
D:12:     basic_altar, special_room
D:13:     david_vaults_4
D:14:     enter_bailey_3, st_stairs_3
D:15:     grunt_enter_depths_giant_problem, lab_entry_generic,
          serial_park_square3
Temple:   kilobyte_greek_temple
Lair:1:   st_stairs_9, grunt_megastairs_4
Lair:2:   elwin_shoals_entry_rooms, nicolae_spider_entry_tight_spaces
Lair:3:   gammafunk_lair_bear_cave
Lair:4:   disabler_island, serial_bayou_shore_a, lemuel_fruit_tree,
          uniq_nergalle
Lair:5:   onia_ninara_swampy_vault, slime_altar_1, kennysheep_abandoned_house
Lair:6:   hangedman_lair_in_review, guppyfry_lair_end_dragon
Shoals:2: cheibrodos_shoals_gigantism, lightli_airlock
Shoals:4: shoals_end_hangedman, shoal_ilsuiw
Orc:1:    trog_hazing_becter, uniq_harold, uniq_erolcha, uniq_josephine
Orc:2:    kennysheep_orc_mage_school, serial_shops, nicolae_shop_waterfront,
          lemuel_statue_altar, uniq_rupert
Sewer:    sewer_co_tree

Skill      XL: |  1  2  3  4  5  6  7  8  9 10 11 12 13 14 15 16 |
---------------+-------------------------------------------------+-----
Fighting       | 4 5 6 7 9 10 12 13 14 15 16 | 16.1
Long Blades    | 4 5 6 8 9 10 12 13 15 18 20 | 20.9
Armour         | 3 4 5 6 7 9 10 11 13 14 15 | 15.9
Dodging        | 3 4 5 6 8 9 10 12 13 14 | 14.8

Action                   |  1- 3 |  4- 6 |  7- 9 | 10-12 | 13-15 | 16-18 || total
-------------------------+-------+-------+-------+-------+-------+-------++-------
Melee: Falchion          |    80 |   176 |   172 |       |       |       ||   428
       Headbutt          |    17 |    33 |    83 |   127 |   315 |    57 ||   632
       Long sword        |       |       |   128 |       |       |       ||   128
       Great sword       |       |       |    42 |    60 |   592 |   174 ||   868
       Demon blade       |       |       |       |   498 |   368 |       ||   866
Throw: Tomahawk          |       |       |       |    11 |    22 |     4 ||    37
Invok: Berserk           |       |       |     2 |     7 |    11 |     6 ||    26
       Trog's Hand       |       |       |       |       |       |     1 ||     1
Evoke: Wand              |       |       |       |       |     5 |       ||     5
  Use: Scroll            |       |     1 |     3 |    17 |    24 |       ||    45
       Potion            |       |       |       |     8 |    11 |     1 ||    20
  Eat: Chunk             |       |     6 |    10 |    16 |    18 |     4 ||    54
       Ration            |       |       |     1 |     6 |    11 |     4 ||    22
Armor: Ring mail         |    20 |    24 |       |       |       |       ||    44
       Animal skin       |     1 |       |       |       |       |       ||     1
       Scale mail        |       |    48 |   126 |   164 |   237 |    87 ||   662
       Plate armour      |       |       |       |       |     1 |       ||     1
Dodge: Dodged            |    45 |    88 |   227 |   445 |   870 |   257 ||  1932
       Rpst.: Falchion   |    10 |    26 |    30 |       |       |       ||    66
       Long sword        |       |       |    22 |       |       |       ||    22
       Great sword       |       |       |     9 |    16 |    92 |    34 ||   151
       Demon blade       |       |       |       |    52 |    59 |       ||   111

Table legend:
 A = Spawn XP
 B = Non-spawn XP
 C = Spawn XP percentage of total XP
 D = Spawn monster count
 E = Non-spawn monster count
 F = Spawn count percentage of total count
 G = Total turns spent on level
                    A         B        C        D         E        F      G
               +---------+---------+-------+---------+---------+-------+---------
         Total |       0 |  190033 |   0.0 |       0 |     909 |   0.0 | 31819
               +---------+---------+-------+---------+---------+-------+---------
           D:1 |       0 |      40 |   0.0 |       0 |      23 |   0.0 |   836
           D:2 |       0 |     172 |   0.0 |       0 |      48 |   0.0 |   691
           D:3 |       0 |     390 |   0.0 |       0 |      28 |   0.0 |   849
           D:4 |       0 |     321 |   0.0 |       0 |      29 |   0.0 |   664
           D:5 |       0 |     415 |   0.0 |       0 |      24 |   0.0 |   681
           D:6 |       0 |    1434 |   0.0 |       0 |      24 |   0.0 |   871
           D:7 |       0 |    2270 |   0.0 |       0 |      28 |   0.0 |   876
           D:8 |       0 |     874 |   0.0 |       0 |      15 |   0.0 |   562
           D:9 |       0 |     921 |   0.0 |       0 |      15 |   0.0 |   719
          D:10 |       0 |    6468 |   0.0 |       0 |      50 |   0.0 |  2144
          D:11 |       0 |    6821 |   0.0 |       0 |      63 |   0.0 |  1502
          D:12 |       0 |    7079 |   0.0 |       0 |      64 |   0.0 |  1130
          D:13 |       0 |   14361 |   0.0 |       0 |      40 |   0.0 |  1417
          D:14 |       0 |    9034 |   0.0 |       0 |      27 |   0.0 |  1359
          D:15 |       0 |   17173 |   0.0 |       0 |      39 |   0.0 |  1898
        Lair:1 |       0 |    2985 |   0.0 |       0 |      12 |   0.0 |   704
        Lair:2 |       0 |    4891 |   0.0 |       0 |      21 |   0.0 |  1565
        Lair:3 |       0 |    4976 |   0.0 |       0 |      21 |   0.0 |  1069
        Lair:4 |       0 |    4851 |   0.0 |       0 |      14 |   0.0 |  1045
        Lair:5 |       0 |   11229 |   0.0 |       0 |      53 |   0.0 |  1306
        Lair:6 |       0 |   21553 |   0.0 |       0 |      63 |   0.0 |  2084
      Shoals:1 |       0 |   17024 |   0.0 |       0 |      36 |   0.0 |  2840
      Shoals:2 |       0 |   28178 |   0.0 |       0 |      54 |   0.0 |  1382
      Shoals:3 |       0 |    6278 |   0.0 |       0 |      12 |   0.0 |   838
      Shoals:4 |       0 |    4817 |   0.0 |       0 |      11 |   0.0 |    42
         Orc:1 |       0 |    4448 |   0.0 |       0 |      22 |   0.0 |   719
         Orc:2 |       0 |   10401 |   0.0 |       0 |      45 |   0.0 |  1267
         Sewer |       0 |     629 |   0.0 |       0 |      28 |   0.0 |   617
               +---------+---------+-------+---------+---------+-------+---------
